 Dungeon Crawl Stone Soup version 0.30.0-29-ga12c61a403 (webtiles) character file.

Game seed: 14020687486523552098

32 monsoonserge the Shooter (level 3, -2/28 HPs)
             Began as a Formicid Hunter on June 15, 2023.
             Blown up by Ijyb (14 damage)
             ... with a mindburst bolt
             ... on level 3 of the Dungeon.
             The game lasted 00:04:59 (1557 turns).

monsoonserge the Shooter (Formicid Hunter)          Turns: 1557, Time: 00:04:59

Health: -2/28      AC: 15    Str: 15    XL:     3   Next: 45%
Magic:  3/3        EV:  7    Int:  8    God:
Gold:   96         SH:  0    Dex: 19    Spells: 2/2 levels left

rFire   . . .        a - +0 shortbow
rCold   . . .        (no shield)
rNeg    . . .        j - +3 chain mail
rPois   .            (helmet unavailable)
rElec   .            (no cloak)
rCorr   .            (no gloves)
SInv    +            (no boots)
Will    .....        f - amulet of regeneration Stlth
                     d - +4 ring of protection
HPRegen 1.04/turn    (no ring)
MPRegen 0.08/turn

%: no passive effects
@: no status effects
A: permanent stasis, dig shafts and tunnels, antennae 3, four strong arms
a: Dig, Shaft Self


You were on level 3 of the Dungeon.
You visited 1 branch of the dungeon, and saw 3 of its levels.

You collected 96 gold pieces.

Inventory:

Hand Weapons
 a - a +0 shortbow (weapon)
Armour
 j - a +3 chain mail (worn)
Jewellery
 d - a +4 ring of protection (left hand)
 f - an amulet of regeneration (around neck)
Scrolls
 b - a scroll of immolation
 c - 4 scrolls of identify {unknown}
 h - a scroll of torment {unknown}
 i - a scroll of vulnerability {unknown}
 l - a scroll of teleportation {unknown}
 n - a scroll of noise {unknown}
Potions
 e - a potion of magic {unknown}
 g - a potion of heal wounds {unknown}
 k - a potion of attraction {unknown}
 m - a potion of curing {unknown}


   Skills:
 + Level 2.5 Fighting
 * Level 4.6 Ranged Weapons
 * Level 1.0 Armour
 + Level 1.9 Dodging
 + Level 1.2 Stealth


You had 2 spell levels left.
You didn't know any spells.
Your spell library contained the following spells:

 Spells                   Type           Power      Damage    Failure   Level
 Shock                    Conj/Air       0%         1d3       100%        1
 Ensorcelled Hibernation  Hex/Ice        0%         N/A       100%        2
 Passwall                 Tmut/Erth      0%         N/A       100%        2
 Ignite Poison            Fire/Tmut/Pois 0%         N/A       100%        3
 Airstrike                Air            0%         2d(0-16)  100%        4
 Sticky Flame             Conj/Fire      0%         2d3       100%        4
 Ignition                 Fire           0%         3d3       100%        8
 Swiftness                Air            Unusable   N/A       N/A         3

Dungeon Overview and Level Annotations

Branches:
Dungeon (3/15)

Altars:

Shops:
D:2 [

Annotations:
D:3 Ijyb


Innate Abilities, Weirdness & Mutations

You cannot be hasted, slowed, berserked, paralysed or teleported.
You can dig through walls and to a lower floor.
You have a pair of large antennae on your head. (SInv)
Your four strong arms can wield two-handed weapons with a shield.


Message History

There are no items here.
Found a stone staircase leading down.
Found 9 gold pieces.
m - an inky potion
There are no items here.
You now have 78 gold pieces (gained 9).
There are no items here.
n - a scroll labelled IMNEBB EHUNOSA
There are no items here.
Found 9 gold pieces.
You now have 87 gold pieces (gained 9).
There are no items here.
You sense a monster nearby.
You now have 96 gold pieces (gained 9).
Ijyb the Twisted Goblin comes into view.
She is wielding a +3 dagger and carrying a wand of mindburst (8).
Ijyb shouts!
You shoot an arrow. The arrow hits Ijyb but does no damage.
Ijyb zaps a wand.
Your mind is blasted!
You shoot an arrow. The arrow closely misses Ijyb.
Ijyb zaps a wand.
Your mind is blasted!
You shoot an arrow. The arrow barely misses Ijyb.
Ijyb zaps a wand.
You barely resist. You shoot an arrow. The arrow closely misses Ijyb.
A rat comes into view.
Ijyb zaps a wand.
Your mind is blasted!
You are too injured to fight recklessly!
Okay, then.
Fire: a) +0 shortbow
Press: ? - help, Q - select action, (/) - cycle Shift-Dir - straight line, f/p - Ijyb
Aim: Ijyb, wielding a +3 dagger, wearing a +0 ring mail and carrying a wand of mindburst (4) (61% to hit)
You shoot an arrow. The arrow hits Ijyb.
Ijyb is lightly wounded.
Ijyb screams, "Get away!"
Fire: a) +0 shortbow
Press: ? - help, Q - select action, (/) - cycle Shift-Dir - straight line, f/p - Ijyb
Aim: Ijyb, wielding a +3 dagger, wearing a +0 ring mail and carrying a wand of mindburst (4) (lightly wounded, 61% to hit)
You shoot an arrow. The arrow closely misses Ijyb.
Ijyb zaps a wand.
Your mind is blasted!
Ouch! That really hurt!
You die...

.≈. .§.#. ≈...
...#### #....# #.r#.#
#...#############
#.###g..#...........
#....@....##......##
#..####.###........##
#... #.##..........#
#. #......>......#
##.......>....#
#............#
##............#
...............## {
#####...........##


You could see Ijyb and a rat.

Vanquished Creatures
  2 dart slugs
  5 ball pythons
  An endoplasm (D:1)
  3 goblins
  3 hobgoblins
  A quokka (D:2)
  4 bats
  3 frilled lizards
  4 kobolds
  2 rats
28 creatures vanquished.

Notes
Turn   | Place    | Note
-------+----------+-------------------------------------------
     0 | D:1      | monsoonserge the Formicid Hunter began the quest for the
                  | Orb.
     0 | D:1      | Reached XP level 1. HP: 16/16 MP: 1/1
   202 | D:1      | Reached XP level 2. HP: 23/23 MP: 2/2
   621 | D:2      | Reached XP level 3. HP: 28/28 MP: 3/3
   638 | D:2      | Identified the +1 robe of the Eagle {rF+ Regen+ rCorr
                  | Dex-3}
   923 | D:2      | Found Ynalyr's Armour Shop.
  1007 | D:2      | Reached skill level 1 in Armour
  1551 | D:3      | Noticed Ijyb
  1557 | D:3      | Blown up by Ijyb

Illustrated notes

Levels and vault maps discovered:
D:1:      dpeg_arrival_arbitrary_a, layout_rooms
D:2:      layout_loops_corners, serial_aquarium, aquarium_bridge_square
          [aquarium_subvault_wall, aquarium_subvault_wall,
          aquarium_subvault_wall, aquarium_subvault_bridge],
          aquarium_window_fake, aquarium_window_fake, aquarium_window_fake,
          aquarium_window_3, aquarium_view_2c, aquarium_pool_side, serial_shops,
          shop
D:3:      layout_rooms, mainiacjoe_overflow_boulevard, wad_rectangle_vault,
          uniq_grinder, uniq_ijyb

Skill      XL: |  1  2  3 |
---------------+----------+-----
Armour         | 1 |  1.0
Fighting       | |  2.5
Ranged Weapons | |  4.6
Dodging        | |  1.9
Stealth        | |  1.2

Action                     || total
---------------------------++-------
   Fire: Shortbow          ||    74
Ability: Dig               ||     2
 Armour: Chain mail        ||    11
         Ring mail         ||     6
  Dodge: Dodged            ||    15
